 Dungeon Crawl Stone Soup version 0.31.0-12-g77e489cdc1 (webtiles) character file.

Game seed: 3421641680718410030

104 Doomgape the Ruffian (level 4, -2/45 HPs)
             Began as a Troll Monk on Feb 13, 2024.
             Slain by Edmund
             ... wielding a +1 dire flail of protection
              (9 damage)
             ... on level 5 of the Dungeon.
             The game lasted 00:02:22 (1772 turns).

Doomgape the Ruffian (Troll Monk)                   Turns: 1772, Time: 00:02:22

Health: -2/45      AC:  4    Str: 21    XL:     4   Next: 52%
Magic:  3/3        EV: 10    Int:  6    God:
Gold:   182        SH:  0    Dex: 12    Spells: 3/3 levels left

rFire   . .          .
                       - Unarmed
rCold   . . .        c - orb {light}
rNeg    . . .        a - +0 robe
rPois   .            (helmet restricted)
rElec   .            (no cloak)
rCorr   .            (gloves unavailable)
SInv    .            (boots unavailable)
Will    .....        (no amulet)
Stlth   +            (no ring)
HPRegen 1.07/turn    (no ring)
MPRegen 0.08/turn

%: no passive effects
@: confused, ambrosia-drunk, glowing
A: large, unfitting armour, claws 3, regeneration 1, shaggy fur 1, tough skin 1
a: no special abilities


You were on level 5 of the Dungeon.
You visited 1 branch of the dungeon, and saw 4 of its levels.

You collected 182 gold pieces.

Inventory:

Armour
 a - a +0 robe (worn)
 c - an orb of light (worn)
Jewellery
 i - a ring of wizardry
Scrolls
 e - 4 scrolls of identify {unknown}
 g - a scroll of teleportation
 h - a scroll of immolation {unknown}
 j - a scroll of enchant weapon {unknown}
Potions
 d - a potion of brilliance {unknown}
 f - 2 potions of heal wounds {unknown}
 k - a potion of curing {unknown}
 l - 2 potions of resistance {unknown}


   Skills:
 + Level 3.5 Fighting
 - Level 2.4 Dodging
 + Level 4.3 Unarmed Combat


You had 3 spell levels left.
You didn't know any spells.
Your spell library contained the following spells:

 Spells                   Type           Power      Damage    Failure   Level
 Passage of Golubria      Tloc           0%         N/A       99%         4
 Silence                  Hex/Air        0%         N/A       100%        5
 Lehudib's Crystal Spear  Conj/Erth      0%         10d2      100%        8


Dungeon Overview and Level Annotations

Branches:
Dungeon (3/15)

Altars:

Annotations:
D:5 Edmund


Innate Abilities, Weirdness & Mutations

You are too large for most types of armour.
You have claws for hands.
Your natural rate of healing is unusually fast.
You are covered in fur. (AC +1)
You have tough skin. (AC +1)


Message History

Key pressed, stopping explore.
No target in view!
No target in view!
There is an open door here.
You hear the slow rusting of a very distant drain.
There is an open door here.
Edmund the Younger comes into view.
He is wielding a +1 dire flail of protection.
Edmund shouts!
Edmund barely misses you.
You scratch Edmund.
Edmund is lightly wounded.
You scratch Edmund.
Edmund is lightly wounded.
Edmund barely misses you.
You scratch Edmund but do no damage.
Edmund is lightly wounded.
Edmund hits you with a +1 dire flail of protection!
You barely miss Edmund.
Edmund is lightly wounded.
Edmund closely misses you.
You claw Edmund!
Edmund is heavily wounded.
Edmund hits you with a +1 dire flail of protection!
You claw Edmund!
Edmund is severely wounded.
Edmund completely misses you.
You scratch Edmund but do no damage.
Edmund is severely wounded.
Edmund hits you with a +1 dire flail of protection!
* * * LOW HITPOINT WARNING * * *
You are confused.
You feel invigorated.
Edmund hits you with a +1 dire flail of protection!
* * * LOW HITPOINT WARNING * * *
Unknown command.
You scratch Edmund.
Edmund is severely wounded.
Edmund hits you with a +1 dire flail of protection!
You die...
Edmund whines, "They better pay attention to me now!"

...........
#...........#......###
#...........#......###
#...........#......'..
#...........#......###
#...........#......###
###...........###.......
#...................#...
#.....@@.....)......#...
#......#+#..........#...
#...... ###........#...
####### +........#...
#........#[..
#.......<'...
#........#...
#...<....+...
#........####


You could see Edmund.

Vanquished Creatures
  An adder (D:2)
  3 gnolls (D:2)
  An adder zombie (D:2)
  A ribbon worm (D:2)
  2 dart slugs
  A bat skeleton (D:2)
  A bat zombie (D:2)
  2 endoplasms (D:1)
  A giant cockroach (D:1)
  8 goblins
  5 hobgoblins
  5 jackals (D:2)
  3 quokkas
  7 ball pythons
  A ball python zombie (D:2)
  3 bats
  A giant cockroach zombie (D:2)
  3 kobolds
  2 rats
51 creatures vanquished.

Notes
Turn   | Place    | Note
-------+----------+-------------------------------------------
     0 | D:1      | Doomgape the Troll Monk began the quest for the Orb.
     0 | D:1      | Reached XP level 1. HP: 22/22 MP: 0/0
   230 | D:1      | Reached XP level 2. HP: 29/29 MP: 1/1
   840 | D:2      | Reached XP level 3. HP: 36/37 MP: 2/2
   886 | D:2      | Reached skill level 4 in Unarmed Combat
  1140 | D:2      | Reached XP level 4. HP: 42/45 MP: 3/3
  1313 | D:2      | Found a faded altar of an unknown god.
  1689 | D:3      | You fall into a shaft and drop 2 floors!
  1689 | D:5      | Entered Level 5 of the Dungeon
  1760 | D:5      | Noticed Edmund
  1772 | D:5      | Slain by Edmund

Illustrated notes

Levels and vault maps discovered:
D:1:      noname_arrival_rooms_in_the_neighbourhood, layout_basic, st_stairs_2
D:2:      layout_loops_ring, hellmonk_ecumenical_altar_lost_god, serial_undead,
          serial_undead_c, serial_undead_d, serial_undead_f, serial_undead_d,
          serial_undead_d
D:3:      layout_rooms
D:5:      layout_basic, minmay_temple_entry_glassed_door, portal_sewer_entry_a,
          uniq_eustachio, uniq_edmund, uniq_pikel

Skill      XL: |  1  2  3 |
---------------+----------+-----
Fighting       | 3 |  3.5
Unarmed Combat | 4 |  4.3
Dodging        | |  2.4

Action                     |  1- 3 |  4- 6 || total
---------------------------+-------+-------++-------
  Melee: Unarmed           |    56 |    48 ||   104
    Use: Scroll            |     2 |       ||     2
         Potion            |       |     1 ||     1
 Armour: Robe              |    36 |    24 ||    60
  Dodge: Dodged            |    34 |    15 ||    49
